 Dungeon Crawl Stone Soup version 0.31.0-12-g77e489cdc1 (webtiles) character file.

Game seed: 4433581361497065337

41932 Gadfly the Skirmisher (level 14, 0/92 HPs)
             Began as a Kobold Hunter on Feb 14, 2024.
             Was a High Priest of Okawaru.
             Slain by a basilisk (4 damage)
             ... while petrified by a basilisk
             ... on level 4 of the Lair of Beasts.
             The game lasted 00:59:56 (20596 turns).

Gadfly the Skirmisher (Kobold Hunter)              Turns: 20596, Time: 00:59:57

Health: 0/92       AC:  9    Str:  8    XL:     14   Next: 52%
Magic:  23/23      EV:  3    Int: 16    God:    Okawaru [*****.]
Gold:   1149       SH:  0    Dex: 36    Spells: 3/13 levels left

rFire   . . .        a - +0 hand cannon (heavy)
rCold   . . .        (no shield)
rNeg    + + +        E - +2 robe "Sumebb" {rF- Int+5 Dex+5}
rPois   ∞            O - +1 hat "Jafruow" {rF+ rCorr}
rElec   .            u - +1 cloak {rCorr}
rCorr   +            K - +0 pair of gloves
SInv    .            I - +0 pair of boots "Ydepp" {Regen+ Dex+2}
Will    +....        o - amulet of reflection
Stlth   ++++         D - +6 ring of dexterity
HPRegen 1.15/turn    f - +5 ring of evasion
MPRegen 0.18/turn

%: reflection, clarity
@: petrified, unable to read
A: small, no large weapons, nightstalker 3, clarity, inability to read after
injury 1
a: Renounce Religion, Heroism, Finesse, Duel


You were on level 4 of the Lair of Beasts.
You worshipped Okawaru.
Okawaru was extremely pleased with you.
You visited 3 branches of the dungeon, and saw 19 of its levels.
You also visited: Ossuary.

You collected 1197 gold pieces.
You spent 48 gold pieces at shops.

Inventory:

Hand Weapons
 a - a +0 heavy hand cannon (weapon)
 b - a +4 short sword of electrocution
 c - a +0 orcbow of freezing
 l - a +0 shortbow of draining
 G - a +2 hand axe of electrocution
Missiles
 H - 3 darts of dispersal
Armour
 q - a +0 troll leather armour
 s - +0 acid dragon scales
 u - a +1 cloak of preservation (worn)
 v - a +1 robe of positive energy
 E - the +2 robe "Sumebb" (worn) {rF- Int+5 Dex+5}
   (You found it on level 9 of the Dungeon)

   Int+5:     It affects your intelligence (+5).
   Dex+5:     It affects your dexterity (+5).
   rF-:       It makes you vulnerable to fire.
 I - the +0 pair of boots "Ydepp" (worn) {Regen+ Dex+2}
   (You acquired it on level 3 of the Lair of Beasts)

   Dex+2:     It affects your dexterity (+2).
   Regen+:    It increases your rate of health regeneration.
 K - a +0 pair of gloves (worn)
 L - the -2 hat "Muduc" {rElec}
   (Okawaru gifted it to you on level 1 of the Lair of Beasts)

   rElec:     It insulates you from electricity.
 O - the +1 hat "Jafruow" (worn) {rF+ rCorr}
   (You acquired it on level 3 of the Lair of Beasts)

   rF+:       It protects you from fire.
   rCorr:     It protects you from acid and corrosion.
Jewellery
 d - a ring of positive energy
 f - a +5 ring of evasion (right hand)
 o - an amulet of reflection (around neck)
 r - a ring of protection from cold
 D - a +6 ring of dexterity (left hand)
 J - a ring of see invisible
 M - a ring of fire
 Q - a +6 ring of strength
 R - the ring "Buunex" {Will+ Int+6}
   (You found it on level 4 of the Lair of Beasts)

   [ring of intelligence]

   Int+6:     It affects your intelligence (+6).
   Will+:     It increases your willpower.
Wands
 h - a wand of mindburst (2)
 n - a wand of roots (13)
 B - a wand of flame (20)
Scrolls
 e - 11 scrolls of teleportation
 j - 2 scrolls of blinking
 m - 7 scrolls of identify
 t - 4 scrolls of enchant armour
 w - 2 scrolls of brand weapon
 y - 3 scrolls of fear
 C - a scroll of vulnerability
 P - 2 scrolls of revelation
Potions
 g - 5 potions of lignification
 i - 3 potions of attraction
 k - 2 potions of curing
 p - 6 potions of haste
 x - a potion of resistance
 z - 2 potions of berserk rage
 A - a potion of might
 F - a potion of ambrosia
Miscellaneous
 N - a lightning rod (4/4)


   Skills:
 + Level 12.1 Fighting
 + Level 14.6 Ranged Weapons
 + Level 13.0 Dodging
 - Level 1.3 Stealth
 + Level 12.6 Invocations
 + Level 13.0 Evocations


You had 3 spell levels left.
You knew the following spells:

 Your Spells              Type           Power      Damage    Failure   Level
a - Apportation           Tloc           0%         N/A       26%         1
b - Ozocubu's Armour      Ice            0%         N/A       58%         3
c - Passwall              Erth           0%         N/A       58%         3
d - Fugue of the Fallen   Necr           0%         N/A       58%         3

Your spell library contained the following spells:

 Spells                   Type           Power      Damage    Failure   Level
 Sandblast                Erth           0%         2d4       26%         1
 Cigotuvi's Dreadful Rot  Necr/Alch/Air  0%         N/A       36%         2
 Jinxbite                 Hex            0%         N/A       36%         2
 Mercury Vapours          Alch/Air       0%         N/A       36%         2
 Dazzling Flash           Conj/Hex       0%         N/A       58%         3
 Inner Flame              Hex/Fire       0%         N/A       58%         3
 Mephitic Cloud           Conj/Alch/Air  0%         N/A       58%         3
 Stone Arrow              Conj/Erth      0%         3d7       58%         3
 Brom's Barrelling Bould  Conj/Erth      0%         2d3       94%         4
 Dimensional Bullseye     Hex/Tloc       0%         N/A       94%         4
 Dispel Undead            Necr           0%         3d6       94%         4
 Ignite Poison            Fire/Alch      0%         N/A       94%         4
 Manifold Assault         Tloc           0%         N/A       94%         4
 Alistair's Intoxication  Alch           0%         N/A       100%        5
 Curse of Agony           Necr           0%         N/A       100%        5
 Freezing Cloud           Conj/Ice/Air   0%         6-21      100%        5
 Metabolic Englaciation   Hex/Ice        0%         N/A       100%        5
 Silence                  Hex/Air        0%         N/A       100%        5
 Enfeeble                 Hex            0%         N/A       100%        7
 Martyr's Knell           Necr/Summ      Unusable   N/A       N/A         4
 Death Channel            Necr           Unusable   N/A       N/A         6

Dungeon Overview and Level Annotations

Branches:
Dungeon (13/15)            Temple (1/1) D:6            Lair (5/5) D:10
  Swamp (0/4) Lair:3        Snake (0/4) Lair:3        Slime (0/5) Lair:4
    Orc (0/2) D:10         Vaults (0/5) D:13        Ossuary (visited)

Altars:
Ashenzari
Cheibriados
Dithmenos
Elyvilon
Fedhas
Gozag
Hepliaklqana
Kikubaaqudgha
Makhleb
Nemelex Xobeh
Okawaru
Qazlal
Ru
Sif Muna
Trog
Uskayaw
Vehumet
Wu Jian
Xom
Yredelemnul
Zin
The Shining One
Jiyva

Shops:
D:2 :   D:3 *

Annotations:
D:13 Lodul, Nessos, Urug


Innate Abilities, Weirdness & Mutations

You are small and have problems with some larger weapons.
You are completely attuned to the shadows.
You possess an exceptional clarity of mind.
You occasionally lose the ability to read scrolls when taking damage.


Message History

You shoot a bolt. The bolt hits the basilisk!
The basilisk is severely wounded.
The blink frog completely misses you. x2; The basilisk completely misses you.
You block the blink frog's attack. The basilisk gazes at you.
You are slowing down.
The blink frog completely misses you.
Your limbs are stiffening.
You shoot a bolt. The bolt barely misses the basilisk.
The blink frog hits you!
The blink frog blinks!
The blink frog hits you. You block the blink frog's attack.
The blink frog blinks!
The basilisk barely misses you. The blink frog hits you!
* * * LOW HITPOINT WARNING * * *
The blink frog completely misses you. The basilisk bites you.
* * * LOW HITPOINT WARNING * * *
The blink frog blinks!
The blink frog closely misses you.
You have turned to stone.
The blink frog barely misses you.
The blink frog blinks!
The basilisk gazes at you.
You easily resist.
The blink frog hits you.
* * * LOW HITPOINT WARNING * * *
The blink frog blinks!
The basilisk gazes at you.
You easily resist.
The blink frog blinks!
The basilisk gazes at you.
The blink frog hits you but does no damage.
The blink frog blinks!
The blink frog hits you!
* * * LOW HITPOINT WARNING * * *
The basilisk bites you!
* * * LOW HITPOINT WARNING * * *
The blink frog hits you but does no damage.
The blink frog hits you!
* * * LOW HITPOINT WARNING * * *
The basilisk bites you but does no damage.
The blink frog hits you.
* * * LOW HITPOINT WARNING * * *
You feel threatened and lose the ability to read scrolls!
The blink frog blinks! x2
The blink frog barely misses you. The basilisk bites you!
You die...

.## ####+..##.# #P.P.. .P#
#...#### ##.... ### ##..## ###.#
# #....## ### ###.#...## #
#.......P# ###### ##
#.<.....######....########. #
##.......#††§..F.....#..P##.
######.........#@.(.............#
....#..........Fl.........##.#...
###...........#.F.........###.#PP
#.##.........##.........P# ####P
##.###.......###P###..#### ##
####.##..#.## ### ##.## #
#.##..#.## #..## # ###..#.##
##..# # ##.+...# #######.## ####


You could see a basilisk and 3 blink frogs.

Vanquished Creatures
  Gastronok (Lair:1)
  A catoblepas (Lair:2)
  2 hydras (D:12)
  The ghost of knightboat the Mimic, a journeyman MfSh of Wu Jian (D:10)
  2 two-headed ogres (D:9)
  4 death yaks (Lair:3)
  A skyshark (Lair:2)
  An arcanist (D:11)
  A necromancer (Lair:3)
  2 bog bodies (Lair:3)
  A lindwurm (Lair:2)
  A deep elf pyromancer (D:12)
  4 oklob plants (Lair:4)
  An ugly thing (D:11)
  A cyclops (D:11)
  A salamander (Lair:3)
  4 elephants (Lair:2)
  4 molten gargoyles (D:10)
  3 black mambas
  A gargoyle (D:11)
  6 cane toads
  An unseen horror (D:11)
  A rime drake (Arena)
  Psyche (D:10)
  3 komodo dragons
  2 polar bears
  3 trolls
  A hornet (D:5)
  8 blink frogs
  Prince Ribbit (D:5)
  6 dream sheep
  3 wraiths
  3 wyverns (D:10)
  A vampire (D:8)
  4 basilisks
  51 yaks
  A steam dragon (D:9)
  6 vampire mosquitoes (D:11)
  2 nagas (Lair:3)
  4 acid dragons
  9 water moccasins
  2 sky beasts
  2 elephant zombies (Lair:3)
  6 orc warriors
  2 swamp drakes (D:10)
  4 ice beasts
  A black bear (D:6)
  2 ogres
  6 wolves (Lair:3)
  The ghost of Gadfly the Insei, an amateur DsMo of Ru (D:3)
  3 centaurs
  3 kobold brigands
  11 bullfrogs
  A gnoll sergeant (D:11)
  3 scorpions (D:5)
  12 wights
  5 electric eels
  6 howler monkeys
  6 bombardier beetles
  A centaur zombie (Ossuary)
  A lava snake (D:10)
  6 hounds
  6 jellies
  A basilisk zombie (Lair:3)
  A gnoll bouda (D:9)
  8 orc priests
  Crazy Yiuf (D:4)
  7 hell rats (Lair:2)
  3 iguanas
  12 orc wizards
  4 crocodile zombies (Ossuary)
  2 mummies (Ossuary)
  12 gnolls
  8 river rats (Lair:2)
  7 adders
  A shadow imp (D:6)
  3 white imps
  2 ufetubi
  A dart slug (D:4)
  A ribbon worm (D:3)
  45 orcs
  4 endoplasms
  A giant cockroach (D:4)
  3 gnoll zombies (Ossuary)
  3 goblins
  3 hobgoblins
  2 jackals (D:1)
  19 kobolds
  5 quokkas
  17 ball pythons
  4 bats
  5 frilled lizards
  16 rats
445 creatures vanquished.

Vanquished Creatures (others)
  A quokka (Lair:2)
  A rat (Lair:2)
2 creatures vanquished.

Grand Total: 447 creatures vanquished

Notes
Turn   | Place    | Note
-------+----------+-------------------------------------------
     0 | D:1      | Gadfly the Kobold Hunter began the quest for the Orb.
     0 | D:1      | Reached XP level 1. HP: 12/12 MP: 1/1
   156 | D:1      | Reached XP level 2. HP: 17/17 MP: 2/2
   527 | D:1      | Reached skill level 1 in Invocations
   527 | D:1      | Reached skill level 1 in Evocations
   984 | D:1      | Gained mutation: Your mind is acute. (Int +4, Str/Dex -1)
                  | [potion of mutation]
   984 | D:1      | Gained mutation: You occasionally lose the ability to read
                  | scrolls when taking damage. [potion of mutation]
   984 | D:1      | Lost mutation: Your mind is acute. (Int +4, Str/Dex -1)
                  | [potion of mutation]
   984 | D:1      | Gained mutation: You possess an exceptional clarity of
                  | mind. [potion of mutation]
  1143 | D:2      | Reached XP level 3. HP: 22/22 MP: 3/3
  1341 | D:2      | Found Oramuh's Book Shop.
  1444 | D:2      | Found a faded altar of an unknown god.
  1521 | D:2      | Reached XP level 4. HP: 27/27 MP: 5/5
  1845 | D:2      | Found an ancient bone altar of Kikubaaqudgha.
  2005 | D:2      | Learned a level 1 spell: Apportation
  2043 | D:3      | Reached XP level 5. HP: 32/32 MP: 6/6
  2358 | D:3      | Found a runed translucent gate.
  2359 | D:3      | Found a runed translucent gate.
  2360 | D:3      | Found a runed translucent gate.
  2360 | D:3      | Noticed Gadfly's ghost (amateur DsMo)
  2360 | D:3      | Noticed a kobold brigand
  2405 | D:3      | Found Sirruuf's Assorted Antiques.
  2412 | D:3      | Bought a dark potion for 24 gold pieces
  2412 | D:3      | Bought a murky orange potion for 24 gold pieces
  3129 | D:4      | Reached skill level 6 in Ranged Weapons
  3204 | D:4      | Reached XP level 6. HP: 37/37 MP: 6/8
  3690 | D:4      | Found a runed translucent door.
  3693 | D:4      | Noticed Crazy Yiuf
  4162 | D:4      | Killed Crazy Yiuf
  4227 | D:5      | Entered Level 5 of the Dungeon
  4235 | D:5      | Reached XP level 7. HP: 41/41 MP: 9/9
  4546 | D:5      | Noticed Prince Ribbit
  4549 | D:5      | Noticed a water moccasin
  4558 | D:5      | Killed Prince Ribbit
  4561 | D:5      | Killed a water moccasin
  4562 | D:5      | Reached XP level 8. HP: 29/48 MP: 9/11
  4618 | D:5      | Reached skill level 5 in Evocations
  4715 | D:5      | Found a sand-covered staircase.
  4720 | Ossuary  | Entered an ossuary
  4750 | Ossuary  | Reached skill level 7 in Ranged Weapons
  4793 | Ossuary  | Learned a level 3 spell: Ozocubu's Armour
  4823 | Ossuary  | Reached skill level 5 in Invocations
  5209 | D:5      | Noticed a hornet
  5227 | D:5      | Paralysed by a hornet for 2 turns
  5241 | D:5      | Killed a hornet
  5242 | D:5      | Reached skill level 5 in Dodging
  5626 | D:5      | Reached XP level 9. HP: 49/53 MP: 13/13
  5823 | D:5      | Reached skill level 5 in Fighting
  6047 | D:5      | Found a bloodstained altar of Trog.
  6056 | D:5      | Found a sparkling altar of Nemelex Xobeh.
  6284 | D:3      | Killed Gadfly's ghost
  6470 | D:6      | Noticed a troll
  6488 | D:6      | Killed a troll
  6489 | D:6      | Reached skill level 8 in Ranged Weapons
  6560 | D:6      | Found a staircase to the Ecumenical Temple.
  6566 | Temple   | Entered the Ecumenical Temple
  6590 | Temple   | Became a worshipper of Warmaster Okawaru
  7526 | D:7      | Reached * piety under Okawaru
  7814 | D:7      | Reached XP level 10. HP: 57/61 MP: 15/15
  8325 | D:8      | Reached skill level 9 in Ranged Weapons
  8385 | D:8      | Reached ** piety under Okawaru
  9052 | D:9      | Noticed a two-headed ogre
  9268 | D:9      | Found a shimmering blue altar of Sif Muna.
  9273 | D:9      | Found a snail-covered altar of Cheibriados.
  9283 | D:9      | Identified the +2 robe "Sumebb" {rF- Int+5 Dex+5}
  9354 | D:9      | Noticed a two-headed ogre
  9372 | D:9      | Killed a two-headed ogre
  9629 | D:9      | Reached *** piety under Okawaru
  9782 | D:9      | Found a white marble altar of Elyvilon.
  9786 | D:9      | Found a glowing silver altar of Zin.
  9836 | D:9      | Reached XP level 11. HP: 68/68 MP: 17/17
  9851 | D:9      | Reached skill level 10 in Ranged Weapons
  9936 | D:9      | Killed a two-headed ogre
 10504 | D:10     | Entered Level 10 of the Dungeon
 10562 | D:10     | Reached **** piety under Okawaru
 10834 | D:10     | Found a shimmering altar of Xom.
 11004 | D:10     | Learned a level 3 spell: Passwall
 11033 | D:10     | Found a staircase to the Orcish Mines.
 11135 | D:10     | Noticed Psyche
 11139 | D:10     | Killed Psyche
 11364 | D:10     | Reached skill level 11 in Ranged Weapons
 11407 | D:10     | Reached ***** piety under Okawaru
 11659 | D:10     | Found a large runed translucent door.
 11659 | D:10     | Found a large runed translucent door.
 12054 | D:10     | Found a staircase to the Lair.
 12689 | D:10     | Noticed knightboat's ghost (journeyman MfSh)
 12707 | D:10     | Killed knightboat's ghost
 12708 | D:10     | Reached XP level 12. HP: 33/76 MP: 0/19
 13145 | D:11     | Received a gift from Okawaru
 13146 | D:11     | Reached skill level 10 in Invocations
 13298 | D:11     | Noticed an arcanist
 13305 | D:11     | Killed an arcanist
 13306 | D:11     | Reached skill level 10 in Dodging
 13306 | D:11     | Reached skill level 10 in Evocations
 13561 | D:11     | Reached skill level 12 in Ranged Weapons
 13609 | D:11     | Got the Catalogue of Subzero Ensorcelling
 13842 | D:11     | Reached ****** piety under Okawaru
 13955 | D:11     | Acquired a +0 heavy hand cannon
 13955 | D:11     | Received a gift from Okawaru
 13993 | D:11     | Received a gift from Okawaru
 14749 | D:12     | Reached skill level 10 in Fighting
 15202 | D:12     | Noticed a five-headed hydra
 15207 | D:12     | Killed a five-headed hydra
 15443 | D:13     | Noticed Urug
 15443 | D:13     | Noticed Lodul
 15443 | D:13     | Noticed a centaur warrior
 15443 | D:13     | Noticed Nessos
 15443 | D:13     | Noticed a four-headed hydra
 15443 | D:13     | Found a gate to the Vaults.
 15450 | D:12     | Killed a four-headed hydra
 15600 | Lair:1   | Entered Level 1 of the Lair of Beasts
 15682 | Lair:1   | Noticed Gastronok
 15691 | Lair:1   | Killed Gastronok
 15692 | Lair:1   | Reached XP level 13. HP: 46/83 MP: 21/21
 15693 | Lair:1   | Acquired the -2 hat "Muduc" {rElec}
 15693 | Lair:1   | Received a gift from Okawaru
 15976 | Lair:1   | You fall into a shaft and drop 1 floor!
 15979 | Lair:2   | Received a gift from Okawaru
 15995 | Arena    | Entered the Arena
 16175 | Lair:2   | Noticed a catoblepas
 16177 | Lair:2   | Reached skill level 13 in Ranged Weapons
 16181 | Lair:2   | Killed a catoblepas
 16953 | Lair:2   | Received a gift from Okawaru
 17993 | Lair:3   | Found a staircase to the Swamp.
 18194 | Lair:3   | Found a staircase to the Snake Pit.
 18339 | Lair:3   | Reached XP level 14. HP: 90/90 MP: 23/23
 18440 | Lair:3   | Reached skill level 14 in Ranged Weapons
 18440 | Lair:3   | Received a gift from Okawaru
 19038 | Lair:3   | Identified 2 scrolls of acquirement
 19045 | Lair:3   | Acquired the +0 pair of boots "Ydepp" {Regen+ Dex+2}
 19052 | Lair:3   | Acquired the +1 hat "Jafruow" {rF+ rCorr}
 19324 | Lair:4   | Found a viscous altar of Jiyva.
 19350 | Lair:4   | Found a staircase to the Slime Pits.
 19643 | Lair:4   | Identified the ring "Buunex" {Will+ Int+6}
 19660 | Lair:4   | Identified the +0 short sword of Sudden Death {heavy, Str+3
                  | Int+2 Stlth+}
 20438 | Lair:4   | Learned a level 3 spell: Fugue of the Fallen
 20484 | Lair:5   | Entered Level 5 of the Lair of Beasts
 20511 | Lair:4   | Received a gift from Okawaru
 20594 | Lair:4   | HP: 3/92 [blink frog (3)]
 20596 | Lair:4   | Slain by a basilisk

Illustrated notes

Levels and vault maps discovered:
D:1:      tarquinn_simple_flora_water_a, layout_basic,
          nicolae_houndstooth_variations
D:2:      layout_basic, basic_altar, dilly_ecumenical_altar_fadedgnrine,
          serial_shops, nicolae_shop_behind_doors, hangedman_decor_growths,
          minmay_snake_closets
D:3:      layout_loops_ring, serial_shops, nicolae_diamond_shop,
          gammafunk_ghost_nasty_kobolds
D:4:      layout_basic, uniq_crazy_yiuf_cottage
D:5:      layout_loops_ring, mainiacjoe_overflow_swirl, enter_ossuary_2,
          uniq_prince_ribbit1
D:6:      layout_loops_cross, minmay_temple_entry_large_hall, serial_park_tiny_1
D:7:      layout_rooms, nicolae_hexahallways, feat_on_display
D:8:      layout_cave_pools, nzn_life_drinkers
D:9:      layout_loops_cross, cheibriados_altar_2, jmf_multi_god_temple,
          nicolae_sif_muna_condensation
D:10:     layout_roguey, overflow_temple_1_default, erik_lair_dragon,
          erik_orc_1, ebering_ghost_disaster_area, eino_tiny_chamber,
          minivault_8, uniq_psyche
D:11:     cheibrodos_wizards_tower, layout_loops_ring
D:12:     layout_loops_cross, serial_ice, serial_ice_m, serial_ice_k,
          serial_ice_h, serial_ice_g
D:13:     minmay_octagon_keep, layout_cave_pools, david_vaults_3,
          nicolae_shop_i_like_small_books_too, serial_bayou_pond_e,
          chequers_mini_garden
Temple:   eino_wide_crystal_templ
Lair:1:   layout_roguey, uniq_gastronok
Lair:2:   lemuel_ratsnest, layout_cave_pods, grunt_megastairs_3,
          lemuel_fruit_fields, serial_bayou_shore_b, serial_bayou_shore_a,
          lemuel_fruit_tree
Lair:3:   pond_and_an_island_with_a_cottage, layout_chaotic_city,
          skrybe_swamp_entry_bodies, alex1729_snake_entry_snake,
          serial_bayou_shore_b, infiniplex_staircase_pool_2
Lair:4:   layout_roguey, minmay_slime_entry_oklob_enclosed,
          infiniplex_staircase_pool
Lair:5:   grunt_lair_end_beastmaster, layout_hall_layers,
          chequers_serial_rivers_large_b, grunt_megastairs_5, uniq_josephine,
          uniq_snorg

Skill      XL: |  1  2  3  4  5  6  7  8  9 10 11 12 13 14 |
---------------+-------------------------------------------+-----
Invocations    | 1 2 3 4 5 7 8 9 11 12 | 12.6
Evocations     | 1 2 3 4 6 7 8 9 11 12 13 | 13.0
Dodging        | 3 4 5 6 8 9 11 12 13 | 13.0
Fighting       | 3 4 6 7 9 10 11 12 | 12.1
Ranged Weapons | 6 7 8 9 11 12 13 14 | 14.6
Stealth        | |  1.3

Action                     |  1- 3 |  4- 6 |  7- 9 | 10-12 | 13-15 || total
---------------------------+-------+-------+-------+-------+-------++-------
   Fire: Shortbow          |    70 |   126 |   354 |   473 |       ||  1023
         Orcbow            |       |       |       |   253 |       ||   253
         Hand cannon       |       |       |       |    47 |   329 ||   376
 Invoke: Heroism           |       |       |       |     2 |     3 ||     5
         Receive Weapon    |       |       |       |     1 |       ||     1
         Duel              |       |       |       |       |     1 ||     1
         Receive Armour    |       |       |       |       |     1 ||     1
    Use: Scroll            |     2 |    10 |     5 |     4 |     6 ||    27
         Potion            |     1 |     1 |     5 |     5 |       ||    12
 Armour: Leather armour    |    10 |    12 |   106 |    53 |       ||   181
         Skin              |       |       |    16 |       |       ||    16
         Robe              |       |       |       |    84 |   160 ||   244
  Dodge: Dodged            |    17 |    59 |   256 |   564 |   662 ||  1558
  Block: Other             |       |       |    12 |   121 |    99 ||   232
         Reflection        |       |       |       |     8 |       ||     8
